 Dungeon Crawl Stone Soup version 0.17.2 (webtiles) character file.

46 Goblin1989 the Cudgeler (level 3, 0/27 HPs)
             Began as a Demonspawn Gladiator on July 7, 2016.
             Slain by an adder (5 damage)
             ... on level 2 of the Dungeon.
             The game lasted 00:02:48 (1600 turns).

Goblin1989 the Cudgeler (Demonspawn Gladiator)      Turns: 1600, Time: 00:02:49

Health: 0/27       AC:  7    Str: 16    XL:     3   Next: 46%
Magic:  3/3        EV:  9    Int:  9    God:
Gold:   75         SH:  7    Dex: 13    Spells: 0 memorised, 2 levels left

rFire  . . .     SeeInvis .     a - +0 flail
rCold  . . .     Clarity  .     b - +0 leather armour
rNeg   . . .     SustAt   .     m - +0 shield
rPois  .         Gourm    .     c - +0 helmet
rElec  .         Spirit   .     (no cloak)
rCorr  .         Warding  .     (no gloves)
rMut   .         Stasis   .     o - +0 pair of boots
MR     .....                    (no amulet)
Stlth  +.........               (no ring)
                                (no ring)

@: lethally poisoned (0 -> -3), not resistant to hostile enchantments, very
unstealthy
A: yellow scales 1
a: no special abilities


You were on level 2 of the Dungeon.
You were very hungry.

You visited 1 branch of the dungeon, and saw 2 of its levels.

You collected 75 gold pieces.

Inventory:

Hand Weapons
 a - a +0 flail (weapon)
Missiles
 i - 6 javelins (quivered)
 k - 6 poisoned needles
 n - 26 sling bullets
 q - 15 stones
Armour
 b - a +0 leather armour (worn)
 c - a +0 helmet (worn)
 m - a +0 shield (worn)
 o - a +0 pair of boots (worn)
Jewellery
 p - an uncursed ring of invisibility {unknown}
Scrolls
 g - a scroll of immolation {unknown}
 h - a scroll of noise {unknown}
 r - a scroll of recharging {unknown}
Potions
 f - a potion of degeneration {unknown}
 l - a potion of magic {unknown}
Comestibles
 e - a bread ration
 j - a slice of pizza


   Skills:
 - Level 2.0 Fighting
 + Level 4.1 Maces & Flails
 - Level 1.7 Throwing
 - Level 2.6 Dodging


You had 2 spell levels left.
You didn't know any spells.

Dungeon Overview and Level Annotations

Branches:
Dungeon (2/15)

Altars:


Innate Abilities, Weirdness & Mutations

You are partially covered in yellow scales (AC +2).


Message History

You kill the kobold!
You start resting.
You regained 4 hp, and now have 9/27 hp.
An adder is nearby!
Aim: an adder (moderately wounded, hasn't noticed you)
You throw a throwing net. The throwing net misses the adder.
You see here a throwing net.
Aim: an adder (moderately wounded)
You throw a javelin. The javelin hits the adder.
You block the adder's attack.
You barely miss the adder. The adder barely misses you. The adder bites you.
* * * LOW HITPOINT WARNING * * *
You are poisoned.
The adder poisons you!
You take 3 damage, and have 6/27 hp.
You barely miss the adder.
You feel sick. The adder bites you but does no damage.
You block the adder's attack.
You barely miss the adder. The adder bites you but does no damage.
You miss the adder.
You feel sick. The adder closely misses you. The adder bites you.
You die...

#.# ####+###### #.#
#.......(.###########.#
#.........#..(......#.###
....................'....
#.........#.........#.###
#.........#.........#.#
#......#S##.........#.#
#......#@##.........#.#
#......#.##.........#.#
.........#...########.###
##########...# #.......
#......# #.##)###
#......# ##.##.# #
#......# #.....# #
#......# #..######
#......# #..#....#


You could see an adder.

Vanquished Creatures
  3 adders (D:2)
  A giant gecko (D:1)
  2 ball pythons (D:1)
  A giant cockroach (D:1)
  3 hobgoblins (D:1)
  3 kobolds
  4 bats
  2 giant newts (D:1)
  A goblin (D:2)
  2 rats
22 creatures vanquished.

Notes
Turn   | Place    | Note
--------------------------------------------------------------
     0 | D:1      | Goblin1989 the Demonspawn Gladiator began the quest for the Orb.
     0 | D:1      | Reached XP level 1. HP: 16/16 MP: 1/1
   187 | D:1      | Reached skill level 3 in Maces & Flails
   553 | D:1      | Gained mutation: You are partially covered in yellow scales (AC +2). [demonic ancestry]
   553 | D:1      | Reached XP level 2. HP: 22/22 MP: 2/2
  1325 | D:2      | Reached XP level 3. HP: 14/27 MP: 3/3
  1542 | D:2      | Reached skill level 4 in Maces & Flails
  1600 | D:2      | Slain by an adder

Action                   || total
-------------------------++-------
Melee: Flail             ||    85
Throw: Throwing net      ||     3
       Javelin           ||     1
 Stab: Sleeping          ||     1
       Held in net/web   ||     1
  Eat: Chunk             ||     1
